 Dungeon Crawl Stone Soup version 0.26-b1-32-g5d43845318 (webtiles) character file.

Game seed: 9373472271030511846

114 raph the Firebug (level 4, -4/24 HPs)
             Began as a Deep Elf Fire Elementalist on Jan 9, 2021.
             Slain by a leopard gecko (5 damage)
             ... on level 3 of the Dungeon.
             The game lasted 00:10:22 (4688 turns).

raph the Firebug (Deep Elf Fire Elementalist)       Turns: 4688, Time: 00:10:23

Health: -4/24      AC:  3    Str: 12    XL:     4   Next: 67%
Magic:  4/10       EV: 12    Int: 20    God:
Gold:   100        SH:  0    Dex: 15    Spells: 1/9 levels left

rFire    . . .     SeeInvis .   l - +0 falchion
rCold    . . .     Faith    .   (no shield)
rNeg     . . .     Spirit   .   k - +0 leather armour
rPois    .         Reflect  .   (no helmet)
rElec    .         Harm     .   (no cloak)
rCorr    .         Rampage  .   (no gloves)
Will     .....                  (no boots)
Stlth    ++........             (no amulet)
HPRegen  0.08/turn              n - +6 ring of strength
MPRegen  0.12/turn              (no ring)

@: mighty
A: no striking features
a: no special abilities


You were on level 3 of the Dungeon.
You visited 1 branch of the dungeon, and saw 3 of its levels.

You collected 100 gold pieces.

Inventory:

Hand Weapons
 e - a +0 spear
 l - a +0 falchion (weapon)
Missiles
 g - 15 poisoned darts
 i - 4 boomerangs
Armour
 a - a +0 robe
 k - a +0 leather armour (worn)
Jewellery
 n - a +6 ring of strength (left hand)
Scrolls
 d - a scroll of enchant weapon {unknown}
 f - 3 scrolls of identify {unknown}
 h - a scroll of remove curse {unknown}
 j - a scroll of noise {unknown}
 m - 2 scrolls of fog {unknown}
Potions
 c - a potion of curing {unknown}


   Skills:
 + Level 0.9 Armour
 - Level 2.7 Dodging
 - Level 2.8 Stealth
 - Level 3.2 Spellcasting
 * Level 3.1 Conjurations
 * Level 4.4 Fire Magic


You had one spell level left.
You knew the following spells:

 Your Spells              Type           Power        Failure   Level
a - Foxfire               Conj/Fire      72%          3%          1
b - Conjure Flame         Conj/Fire      18%          11%         3
c - Sticky Flame          Conj/Fire      18%          36%         4

Your spell library contained the following spells:

 Spells                   Type           Power        Failure   Level
 Inner Flame              Hex/Fire       12%          22%         3
 Fireball                 Conj/Fire      9%           71%         5


Dungeon Overview and Level Annotations

Branches:
Dungeon (3/15)

Altars:
Nemelex Xobeh
Yredelemnul


Message History

* * * LOW HITPOINT WARNING * * *
The leopard gecko bites you.
* * * LOW HITPOINT WARNING * * *
Unknown command.
Okay, then.
Okay, then.
You aren't carrying any items that you can evoke without wielding.
You aren't carrying any items that you can evoke without wielding.
Unknown command.
You feel very mighty all of a sudden.
The leopard gecko bites you but does no damage.
You closely miss the leopard gecko.
The leopard gecko is severely wounded.
The leopard gecko bites you.
* * * LOW HITPOINT WARNING * * *
Your magical contamination has completely faded away.
You barely miss the leopard gecko.
The leopard gecko is severely wounded.
The leopard gecko bites you.
You die...

########## ###
#.(......####.####
#.######......Kl@#
.....# ######.##.#
#.#..l... #.##.#
....##### #.##.#
#.#.#
#.##.##############
....#
#.##..............#
.####
#.##..###########.#
# #>##..# #.#
#.##..# #.#


You could see a leopard gecko and a kobold.

Vanquished Creatures
  6 adders
  An ooze (D:1)
  3 worms (D:2)
  2 dart slugs (D:1)
  A leopard gecko (D:3)
  3 giant cockroaches
  A goblin (D:2)
  6 hobgoblins
  8 kobolds
  2 quokkas (D:2)
  A ball python (D:1)
  5 bats
  A frilled lizard (D:3)
  6 rats
46 creatures vanquished.

Vanquished Creatures (others)
  174 foxfires
174 creatures vanquished.

Grand Total: 220 creatures vanquished

Notes
Turn   | Place    | Note
-------+----------+-------------------------------------------
     0 | D:1      | raph the Deep Elf Fire Elementalist began the quest for the
                  | Orb.
     0 | D:1      | Reached XP level 1. HP: 10/10 MP: 6/6
   352 | D:1      | Reached XP level 2. HP: 15/15 MP: 6/8
  1409 | D:2      | Reached XP level 3. HP: 19/19 MP: 4/9
  1458 | D:2      | Learned a level 3 spell: Conjure Flame
  1464 | D:2      | Found a faded altar of an unknown god.
  1807 | D:1      | Reached skill level 4 in Fire Magic
  2065 | D:2      | Reached XP level 4. HP: 24/24 MP: 3/10
  2071 | D:2      | Learned a level 4 spell: Sticky Flame
  3559 | D:2      | Found a basalt altar of Yredelemnul.
  4348 | D:3      | Found a sparkling altar of Nemelex Xobeh.
  4687 | D:3      | HP: 1/24 [leopard gecko (2)]
  4688 | D:3      | Slain by a leopard gecko

Illustrated notes

Levels and vault maps discovered:
D:1:      eino_arrival_cavern_e, layout_loops_cross
D:2:      layout_loops_cross, yredelemnul_altar_generic,
          chequers_ecumenical_altar_twisty
D:3:      layout_loops_ring, marbit_many_paths, serial_glass, glass_columns_a,
          glass_columns_a, minmay_fountain_box, uniq_crazy_yiuf_cottage,
          uniq_robin, uniq_terence, uniq_sigmund

Skill      XL: |  1  2  3  4 |
---------------+-------------+-----
Conjurations   | 2 3 |  3.1
Fire Magic     | 4 |  4.4
Armour         | |  0.9
Dodging        | |  2.7
Stealth        | |  2.8
Spellcasting   | |  3.2

Action                   |  1- 3 |  4- 6 || total
-------------------------+-------+-------++-------
Melee: Spear             |     1 |       ||     1
       Falchion          |     3 |     8 ||    11
 Cast: Foxfire           |    65 |    55 ||   120
  Use: Potion            |     5 |     1 ||     6
 Stab: Sleeping          |       |     1 ||     1
Armor: Robe              |     2 |       ||     2
       Leather armour    |     6 |     4 ||    10
Dodge: Dodged            |    22 |    19 ||    41
       Rpst.: Falchion   |     6 |     7 ||    13
